 Dungeon Crawl Stone Soup version 0.31-a0-217-g58bb5d79cf (webtiles) character file.

Game seed: 5419350638076003581

658 qw the Shooter (level 7, -1/59 HPs)
             Began as a Minotaur Hexslinger on July 2, 2023.
             Was an Initiate of Okawaru.
             Slain by a black bear (2 damage)
             ... on level 6 of the Dungeon.
             The game lasted 00:01:39 (4393 turns).

qw the Shooter (Minotaur Hexslinger)                Turns: 4393, Time: 00:01:40

Health: -1/59      AC:  5    Str: 11 (12) XL:     7   Next: 30%
Magic:  7/7        EV: 10    Int:  8 (10) God:    Okawaru [......]
Gold:   246        SH:  0    Dex: 14 (15) Spells: 7/8 levels left

rFire   . . .        Y - +1 sling (drain)
rCold   + . .        (no shield)
rNeg    . . .        c - +0 ring mail
rPois   .            (helmet restricted)
rElec   .            (no cloak)
rCorr   .            (no gloves)
SInv    .            (no boots)
Will    .....        (no amulet)
Stlth   +            f - ring of protection from cold
HPRegen 0.29/turn    (no ring)
MPRegen 0.10/turn

%: no passive effects
@: no status effects
A: horns 2, retaliatory headbutt
a: Renounce Religion


You were on level 6 of the Dungeon.
You worshipped Okawaru.
Okawaru was noncommittal.
You visited 1 branch of the dungeon, and saw 6 of its levels.

You collected 246 gold pieces.


Innate Abilities, Weirdness & Mutations

You have a pair of horns on your head.
You reflexively headbutt those who attack you in melee.


   Skills:
 - Level 4.0 Fighting
 + Level 7.9 Ranged Weapons
 - Level 1.7 Armour
 - Level 2.1 Dodging
 - Level 1.0 Spellcasting
 - Level 2.0 Hexes
 - Level 1.0 Invocations


You had 7 spell levels left.
You knew the following spells:

 Your Spells              Type           Power      Damage    Failure   Level
a - Slow                  Hex            12%        N/A       38%         1

Your spell library contained the following spells:

 Spells                   Type           Power      Damage    Failure   Level
 Inner Flame              Hex/Fire       2%         N/A       88%         3
 Portal Projectile        Hex/Tloc       4%         N/A       88%         3
 Cause Fear               Hex            1%         N/A       99%         4

Inventory:

Hand Weapons
 Y - a +1 sling of draining (weapon)
Armour
 c - a +0 ring mail (worn)
Jewellery
 b - a ring of magical power
 f - a ring of protection from cold (left hand)
Scrolls
 g - 2 scrolls of identify
Potions
 a - a potion of lignification {unknown}
 e - 3 potions of curing
 h - a potion of brilliance {unknown}
 j - a potion of berserk rage {unknown}

Dungeon Overview and Level Annotations

Branches:
Dungeon (6/15)
 Temple: D:4-7

Altars:
Okawaru
Vehumet

Shops:
D:5 :

Annotations:
D:2 1 runed translucent door, Crazy Yiuf
D:6 exclusion: 9 wights, Grinder


Message History

Grinder gestures at you.
You suddenly lose the ability to move!
Grinder gestures at you. Pain shoots through your body!
You feel like a meek peon again. Grinder gestures at you.
Pain shoots through your body! The black bear bites you.
The black bear claws you but does no damage. x2
Grinder hits you but does no damage.
The black bear bites you but does no damage.
The black bear claws you.
The black bear claws you but does no damage.
Grinder hits you.
You writhe in agony.
You can move again.
You shoot a sling bullet.
The sling bullet hits Grinder but does no damage.
Grinder is lightly wounded.
The black bear bites you.
The black bear claws you but does no damage.
The black bear barely misses you. Grinder barely misses you.
You furiously retaliate!
You headbutt Grinder! You shoot a sling bullet. The sling bullet hits Grinder.
Grinder is moderately wounded.
The black bear bites you. The black bear completely misses you.
The black bear claws you. Grinder hits you!
You writhe in agony.
You shoot a sling bullet. The sling bullet hits Grinder.
Grinder is heavily wounded.
The black bear bites you. The black bear claws you.
The black bear claws you but does no damage.
Grinder hits you but does no damage.
You shoot a sling bullet. The sling bullet hits Grinder.
Grinder is heavily wounded.
The black bear bites you. The black bear barely misses you.
The black bear claws you. Grinder hits you but does no damage.
You shoot a sling bullet. The sling bullet hits Grinder.
Grinder is heavily wounded.
The black bear bites you. The black bear barely misses you.
The black bear claws you.
You die...

.. . . . .## ... #..
.....###.###
.?...).5...# .......
.....###@#.##.......
......)h...#........
...........#.~.....
...........#...~..
....####+#.#..~#+##
.............¤¤~¤¤¤~
~. .. ..........~~#¤
.¤#¤... .
.########.~¤#
>¤¤.... #####...#
~~#....


You could see Grinder and a black bear.

Vanquished Creatures
  An ogre (D:5)
  A bullfrog (D:6)
  A scorpion (D:5)
  A wight (D:6)
  A howler monkey (D:5)
  An orc priest (D:5)
  A hound (D:6)
  Jessica (D:2)
  An orc wizard (D:4)
  2 iguanas
  A gnoll (D:3)
  7 adders
  A white imp (D:5)
  3 worms
  3 dart slugs
  13 orcs
  8 endoplasms
  4 giant cockroaches
  6 goblins
  7 hobgoblins
  4 jackals (D:1)
  10 kobolds
  5 quokkas
  8 ball pythons
  7 bats
  8 frilled lizards
  6 rats
112 creatures vanquished.

Notes
Turn   | Place    | Note
-------+----------+-------------------------------------------
     0 | D:1      | qw the Minotaur Hexslinger began the quest for the Orb.
     0 | D:1      | Reached XP level 1. HP: 16/16 MP: 1/1
     0 | D:1      | 0 ||| qw: Version: 0.3-a-40-ge99b1a8
     0 | D:1      | 0 ||| qw: Game counter: 8006
     0 | D:1      | 0 ||| qw: Melee chars always use a shield: true
     0 | D:1      | 0 ||| qw: God list: Okawaru
     0 | D:1      | 0 ||| qw: Allow faded altars: false
     0 | D:1      | 0 ||| qw: Do Orc after clearing Dungeon:15 true
     0 | D:1      | 0 ||| qw: Do second Lair branch before Depths: true
     0 | D:1      | 0 ||| qw: Lair rune preference: random
     0 | D:1      | 0 ||| qw: Goals: Normal
     0 | D:1      | 0 ||| PLANNING D:1-11
    29 | D:1      | 29 ||| FLEEEEING.
    30 | D:1      | 30 ||| FLEEEEING.
    31 | D:1      | 31 ||| FLEEEEING.
    32 | D:1      | 32 ||| FLEEEEING.
    33 | D:1      | 33 ||| FLEEEEING.
    38 | D:1      | Reached skill level 3 in Ranged Weapons
    39 | D:1      | Reached XP level 2. HP: 23/23 MP: 2/2
   363 | D:1      | Reached XP level 3. HP: 29/29 MP: 3/3
   706 | D:1      | 706 ||| UPGRADING to +0 leather armour.
   716 | D:1      | 716 ||| DROPPING +0 robe.
   717 | D:1      | 717 ||| READING scroll labelled XUOSEISMAE.
   718 | D:1      | 718 ||| READING scroll labelled DUATUF UT QOSO.
   772 | D:1      | 772 ||| DROPPING scroll of poison.
   852 | D:2      | Reached skill level 4 in Ranged Weapons
   909 | D:2      | Noticed Jessica
   912 | D:2      | Killed Jessica
   913 | D:2      | Reached XP level 4. HP: 36/36 MP: 4/4
  1263 | D:2      | Found a runed translucent door.
  1264 | D:2      | Noticed Crazy Yiuf
  1643 | D:2      | 1643 ||| READING scroll labelled RIMAMUKLUG.
  1644 | D:2      | 1644 ||| READING scroll labelled RUUPNO IVAO.
  1645 | D:2      | 1645 ||| DRINKING 2 fizzy cyan potions.
  1741 | D:3      | Reached skill level 5 in Ranged Weapons
  1990 | D:3      | 1990 ||| READING scroll of brand weapon.
  1990 | D:3      | 1990 ||| BRANDING +1 sling of flaming.
  2040 | D:3      | Reached skill level 3 in Fighting
  2066 | D:3      | Reached XP level 5. HP: 45/45 MP: 5/5
  2126 | D:3      | Identified the +6 rapier of Ufanwav {flame, rF+ Int+4}
  2317 | D:3      | Found a faded altar of an unknown god.
  2321 | D:3      | Found an iron altar of Okawaru.
  2467 | D:3      | 2467 ||| UPGRADING to +0 ring mail.
  2477 | D:3      | 2477 ||| DROPPING +0 leather armour.
  2478 | D:3      | 2478 ||| UPGRADING to ring of protection from cold.
  2479 | D:3      | 2479 ||| READING scroll labelled QESYWK YHIXA.
  2563 | D:4      | 2563 ||| STAIRDANCE
  2584 | D:4      | Found a radiant altar of Vehumet.
  2718 | D:4      | Reached skill level 1 in Armour
  2882 | D:4      | 2882 ||| READING scroll labelled MANUTHE UROROTZA.
  2886 | D:4      | 2886 ||| STAIRDANCE
  2888 | D:3      | 2888 ||| PLANNING OKAWARU WORSHIP
  2893 | D:3      | Became a worshipper of Warmaster Okawaru
  2894 | D:3      | 2894 ||| PLANNING D:1-11
  3147 | D:4      | 3147 ||| DRINKING 2 fizzy silvery potions.
  3158 | D:5      | Entered Level 5 of the Dungeon
  3239 | D:5      | Reached skill level 6 in Ranged Weapons
  3239 | D:5      | Reached XP level 6. HP: 43/51 MP: 6/6
  3489 | D:5      | Found Xaosem's Book Emporium.
  3793 | D:5      | Reached * piety under Okawaru
  3794 | D:5      | Reached skill level 7 in Ranged Weapons
  3925 | D:5      | 3925 ||| READING scroll labelled ATYRUCUGOU.
  3930 | D:5      | 3930 ||| DRINKING 2 white potions.
  3931 | D:5      | 3931 ||| DROPPING potion of degeneration.
  4028 | D:6      | 4028 ||| FLEEEEING.
  4029 | D:6      | 4029 ||| FLEEEEING.
  4030 | D:6      | 4030 ||| FLEEEEING.
  4032 | D:6      | 4032 ||| INVOKING Heroism.
  4032 | D:6      | HP: 8/47 [wight/+1 halberd (12)]
  4033 | D:6      | 4033 ||| DRINKING potion of heal wounds.
  4039 | D:6      | HP: 4/46 [wight/+1 halberd (16)]
  4043 | D:6      | HP: 1/46 [wight/+1 halberd (3)]
  4045 | D:6      | Reached XP level 7. HP: 1/55 MP: 5/7
  4359 | D:6      | Reached skill level 1 in Invocations
  4371 | D:6      | Noticed Grinder
  4372 | D:6      | 4372 ||| INVOKING Heroism.
  4373 | D:6      | 4373 ||| INVOKING Heroism.
  4375 | D:6      | 4375 ||| Stepping ~*~*~tactically~*~*~ (outnumbered).
  4379 | D:6      | 4379 ||| Stepping ~*~*~tactically~*~*~ (outnumbered).
  4383 | D:6      | Paralysed by Grinder for 5 turns
  4390 | D:6      | HP: 14/59 [Grinder (1)]
  4392 | D:6      | HP: 6/59 [black bear (4)]
  4393 | D:6      | HP: 1/59 [black bear (4)]
  4393 | D:6      | Slain by a black bear

Levels and vault maps discovered:
D:1:      wander_arrival_estate, layout_rooms, kennysheep_pointless_box,
          minmay_misc_feat_nine_boxes, fountainhead
D:2:      layout_loops_cross, minmay_liquid_box, minmay_indecisive_spiral,
          uniq_jessica, uniq_crazy_yiuf_cottage
D:3:      minmay_inner_zag, layout_loops_ring, nicolae_overflow_ecumenical_swirl
D:4:      layout_basic, nicolae_vehumet_radiance
D:5:      layout_loops_cross, serial_shops, shop, nicolae_figureground_pulse
D:6:      layout_basic, nemelex_diamond_rough_becter,
          nicolae_qazlal_general_emergency, makhleb_heckhound_becter,
          uniq_grinder

Skill      XL: |  1  2  3  4  5  6  7 |
---------------+----------------------+-----
Ranged Weapons | 3 4 5 6 7 |  7.9
Fighting       | 2 3 4 |  4.0
Armour         | 1 |  1.7
Invocations    | 1 |  1.0
Dodging        | |  2.1
Spellcasting   | |  1.0
Hexes          | |  2.0

Action                     |  1- 3 |  4- 6 |  7- 9 || total
---------------------------+-------+-------+-------++-------
   Fire: Sling             |   110 |   223 |    27 ||   360
 Invoke: Heroism           |       |     1 |     1 ||     2
    Use: Scroll            |     2 |     6 |       ||     8
         Potion            |       |     4 |       ||     4
 Armour: Robe              |     6 |       |       ||     6
         Leather armour    |     4 |    11 |       ||    15
         Ring mail         |       |     8 |    11 ||    19
  Dodge: Dodged            |    28 |    41 |    10 ||    79

Table legend:
 A = Non-vault XP
 B = Vault XP
 C = Vault XP percentage of total XP
 D = Non-vault monster count
 E = Vault monster count
 F = Vault count percentage of total count
                 A         B        C        D         E       F
            +---------+---------+-------+---------+---------+-------
      Total |     873 |      68 |   7.2 |     101 |      11 |   9.8
            +---------+---------+-------+---------+---------+-------
        D:1 |      55 |       0 |   0.0 |      33 |       0 |   0.0
        D:2 |      31 |      46 |  59.7 |      18 |       5 |  21.7
        D:3 |      63 |      22 |  25.9 |      19 |       6 |  24.0
        D:4 |      97 |       0 |   0.0 |      12 |       0 |   0.0
        D:5 |     372 |       0 |   0.0 |      12 |       0 |   0.0
        D:6 |     255 |       0 |   0.0 |       7 |       0 |   0.0
            +---------+---------+-------+---------+---------+-------
